AoeStats
← ThePurifier

Arabia

509745401Analyzed
1v1 RM · 6d ago on Sep 27, 2026· 42m 36s· 2 players
Game mode
Random Map
Map size
Tiny (2 player)
Population
200
Speed
Normal
Resources
Standard
Victory
Conquest
Starting age
Dark Age
Ending age
Imperial Age
RankedLock teamsTeams togetherTeam positionsShared explorationLock speedFull tech treeHidden civsTurbo modeCheats
Victory
Defeat
🇩🇪 Mongols · Germany
1090
+14
🇦🇷 Mongols · Argentina
1054
-14
ThePurifier
0:27 Loom
9:44 Feudal Age
11:51 Double-Bit Axe
16:36 Fletching
16:50 Padded Archer Armor
18:38 Wheelbarrow
29:10 Castle Age
27:39 Gold Mining
30:05 Scale Barding Armor
30:11 Forging
30:53 Bloodlines
36:55 Chain Barding Armor
37:01 Husbandry
_EA_Baer
4:49 Loom
8:29 Feudal Age
13:09 Fletching
26:37 Castle Age
25:57 Bloodlines
28:34 Scale Barding Armor
33:56 Bodkin Arrow
42:30 Imperial Age
41:35 Thumb Ring
42:10 Double-Bit Axe
Connection lost

Rejoining the realm…

Still unreachable

The connection could not be restored.

Session expired

The server has moved on; the page needs a fresh start.